 Dungeon Crawl Stone Soup version 0.27-a0-333-gfa571bf19a (webtiles) character file.

Game seed: 1303493439349947660

740 Nattfarinn the Tainter (level 7, 0/36 HPs)
             Began as a Deep Elf Venom Mage on Feb 12, 2021.
             Was an Initiate of Sif Muna.
             Succumbed to a water moccasin's poison
             ... on level 5 of the Dungeon.
             The game lasted 00:09:23 (6186 turns).

Nattfarinn the Tainter (Deep Elf Venom Mage)        Turns: 6186, Time: 00:09:23

Health: 0/36       AC:  6    Str:  5    XL:     7   Next: 46%
Magic:  19/19      EV: 12    Int: 22    God:    Sif Muna [......]
Gold:   199        SH:  0    Dex: 15    Spells: 14/19 levels left

rFire    . . .     SeeInvis .   x - +0 long sword (flame)
rCold    . . .     Faith    .   (no shield)
rNeg     . . .     Spirit   .   u - +2 leather armour {Will+}
rPois    .         Reflect  .   (no helmet)
rElec    .         Harm     .   (no cloak)
rCorr    .         Rampage  .   (no gloves)
Will     +....                  w - +0 pair of boots
Stlth    ++........             (no amulet)
HPRegen  0.12/turn              r - ring of flight
MPRegen  0.16/turn              (no ring)

@: lethally poisoned (0 -> -27)
A: no striking features
a: Renounce Religion, Evoke Flight


You were on level 5 of the Dungeon.
You worshipped Sif Muna.
Sif Muna was noncommittal.
You visited 1 branch of the dungeon, and saw 5 of its levels.

You collected 199 gold pieces.

Inventory:

Hand Weapons
 l - a +2 dagger of draining
 x - a +0 long sword of flaming (weapon)
 z - a +1 mace of draining
Missiles
 y - 11 javelins (quivered)
Armour
 a - a +0 robe
 c - a +0 leather armour
 u - a +2 leather armour of willpower (worn)
 w - a +0 pair of boots (worn)
Jewellery
 r - a ring of flight (left hand)
Wands
 q - a wand of iceblast (7)
 C - a wand of paralysis (9)
Scrolls
 b - 7 scrolls of teleportation {unknown}
 d - 8 scrolls of identify {unknown}
 h - 2 scrolls of magic mapping {unknown}
 k - a scroll of blinking {unknown}
 m - 3 scrolls of amnesia {unknown}
 s - a scroll of fear {unknown}
 t - a scroll of noise {unknown}
Potions
 e - a potion of curing
 f - a potion of ambrosia {unknown}
 g - 2 potions of cancellation {unknown}
 i - 2 potions of mutation {unknown}
 j - 2 potions of lignification {unknown}
 n - a potion of magic {unknown}
 o - 4 potions of degeneration {unknown}
 p - a potion of haste {unknown}
 v - a potion of heal wounds {unknown}
 A - a potion of flight {unknown}
Miscellaneous
 B - a lightning rod (4/4)


   Skills:
 - Level 2.4 Dodging
 - Level 2.4 Stealth
 + Level 6.9 Spellcasting
 - Level 1.1 Transmutations
 * Level 8.2 Poison Magic


You had 14 spell levels left.
You knew the following spells:

 Your Spells              Type           Power        Failure   Level
a - Sting                 Tmut/Pois      100%         1%          1
b - Olgreb's Toxic Radia  Pois           43%          4%          4

Your spell library contained the following spells:

 Spells                   Type           Power        Failure   Level
 Poisonous Vapours        Pois/Air       50%          3%          2
 Ignite Poison            Fire/Tmut/Pois 21%          12%         3
 Mephitic Cloud           Conj/Pois/Air  19%          14%         3


Dungeon Overview and Level Annotations

Branches:
Dungeon (5/15)
 Temple: D:4-7

Altars:
Fedhas
Kikubaaqudgha
Sif Muna
Wu Jian

Annotations:
D:4 5 runed translucent doors, Richi's ghost, amateur OpWn


Message History

Sif Muna accepts your kill.
No target in view!
No target in view!
You now have 199 gold pieces (gained 12).
C - a wand of paralysis (9)
A water moccasin comes into view.
Found 30 arrows.
Found a whip.
Found a robe.
You miss the water moccasin. The water moccasin closely misses you.
The water moccasin bites you.
You are poisoned.
The water moccasin poisons you!
You hit the water moccasin. You burn the water moccasin.
The water moccasin is lightly wounded.
You feel sick. The water moccasin bites you.
You are more poisoned.
The water moccasin poisons you!
You hit the water moccasin. You burn the water moccasin.
The water moccasin is heavily wounded.
You feel very sick. The water moccasin bites you!
The water moccasin closely misses you.
You barely miss the water moccasin.
The water moccasin is heavily wounded.
You feel very sick. The water moccasin closely misses you.
The water moccasin bites you.
You barely miss the water moccasin.
The water moccasin is heavily wounded.
You feel very sick. The water moccasin barely misses you.
The water moccasin bites you but does no damage.
You hit the water moccasin. You burn the water moccasin.
The water moccasin is severely wounded.
You feel sick. The water moccasin bites you!
* * * LOW HITPOINT WARNING * * *
You are more poisoned.
The water moccasin poisons you! The water moccasin barely misses you.
You hit the water moccasin. You burn the water moccasin.
The water moccasin is almost dead.
You die...

#.# ## ###.#.#. .
....... .# .....# ..#
#..#.#(.# #.....(###
#. #......... #.
#.@S......
.####.#######.........
?.......##............
...........#..........
...............$......
#..................)[.
#.......##..##.####...
#....#.....###.# #.#
#### ####..<...#


You could see a water moccasin.

Vanquished Creatures
  A centaur (D:4)
  A phantom (D:4)
  2 howler monkeys
  A bullfrog zombie (D:3)
  An iguana (D:4)
  A centaur skeleton (D:4)
  Terence (D:2)
  4 orc wizards
  2 worker ants (D:4)
  A hound skeleton (D:4)
  11 adders
  2 oozes
  2 adder skeletons
  2 worms
  2 dart slugs
  5 leopard geckos
  19 orcs
  A giant cockroach (D:4)
  5 goblins
  6 hobgoblins
  4 jackals (D:3)
  10 kobolds
  6 quokkas
  2 ball pythons
  8 bats
  2 frilled lizards
  A quokka zombie (D:4)
  6 rats
109 creatures vanquished.

Notes
Turn   | Place    | Note
-------+----------+-------------------------------------------
     0 | D:1      | Nattfarinn the Deep Elf Venom Mage began the quest for the
                  | Orb.
     0 | D:1      | Reached XP level 1. HP: 10/10 MP: 6/6
   455 | D:1      | Reached XP level 2. HP: 15/15 MP: 6/8
   945 | D:1      | Reached skill level 4 in Poison Magic
  1239 | D:2      | Found an ornate altar of the Wu Jian Council.
  1254 | D:2      | Reached XP level 3. HP: 15/19 MP: 1/10
  2183 | D:2      | Noticed Terence
  2189 | D:2      | Killed Terence
  2190 | D:2      | Reached skill level 5 in Poison Magic
  2190 | D:2      | Reached XP level 4. HP: 20/24 MP: 7/12
  2934 | D:3      | Learned a level 4 spell: Olgreb's Toxic Radiance
  3223 | D:3      | Reached XP level 5. HP: 23/28 MP: 9/14
  3308 | D:3      | Found a faded altar of an unknown god.
  3626 | D:3      | Reached skill level 5 in Spellcasting
  3627 | D:3      | Reached skill level 6 in Poison Magic
  3868 | D:3      | Reached XP level 6. HP: 10/32 MP: 14/16
  4393 | D:4      | Found a large runed translucent door.
  4393 | D:4      | Found a large runed translucent door.
  4396 | D:4      | Noticed a wyvern
  4432 | D:4      | Found an ancient bone altar of Kikubaaqudgha.
  4453 | D:4      | Found a blossoming altar of Fedhas.
  4601 | D:4      | Found a runed translucent door.
  4628 | D:4      | Noticed Richi's ghost (amateur OpWn)
  4907 | D:4      | Reached skill level 7 in Poison Magic
  5348 | D:4      | Found a large runed translucent door.
  5348 | D:4      | Found a large runed translucent door.
  5372 | D:4      | Reached XP level 7. HP: 35/36 MP: 8/18
  5703 | D:4      | Reached skill level 8 in Poison Magic
  5968 | D:4      | Found a shimmering blue altar of Sif Muna.
  5991 | D:4      | Became a worshipper of Sif Muna the Loreminder
  6160 | D:5      | Entered Level 5 of the Dungeon
  6186 | D:5      | Succumbed to a water moccasin's poison

Illustrated notes

Levels and vault maps discovered:
D:1:      minmay_arrival_wavy_path, layout_loops_ring, serial_bayou_pond_b,
          due_unseen_surprise
D:2:      layout_loops_corners, nzn_wu_jian_council_hall, uniq_terence
D:3:      layout_basic, chequers_ecumenical_altar_simple
D:4:      layout_loops_ring, grunt_temple_overflow_growth_and_decay,
          led_sif_book, ebering_ghost_reflecting_pool, serial_park_tiny_pond,
          minmay_hollow_rounded_squares
D:5:      layout_rooms, kennysheep_mini, lightli_sewer_entry_pipes,
          uniq_crazy_yiuf_cottage, uniq_grinder

Skill      XL: |  1  2  3  4  5  6  7 |
---------------+----------------------+-----
Poison Magic   | 4 5 6 7 8 |  8.2
Spellcasting   | 4 5 6 |  6.9
Dodging        | |  2.4
Stealth        | |  2.4
Transmutations | |  1.1

Action                   |  1- 3 |  4- 6 |  7- 9 || total
-------------------------+-------+-------+-------++-------
Melee: Unarmed           |     6 |       |       ||     6
       Dagger            |     2 |    69 |       ||    71
       Long sword        |       |    24 |    27 ||    51
Throw: Javelin           |       |     7 |       ||     7
 Cast: Sting             |    63 |    96 |    13 ||   172
       Olgreb's Toxic Ra |       |     5 |     1 ||     6
  Use: Potion            |       |     1 |       ||     1
 Stab: Sleeping          |       |     2 |       ||     2
Armor: Leather armour    |    10 |    44 |    13 ||    67
Dodge: Dodged            |    27 |    92 |    19 ||   138
       Rpst.: Long sword |       |    12 |     5 ||    17

Table legend: (Time is in decaauts)
 A = Elapsed time spent in this place.
 B = Non-inter-level travel time spent in this place.
 C = Inter-level travel time spent in this place.
 D = Time resting spent in this place.
 E = Time spent auto-exploring this place.
 F = Levels seen in this place.
 G = Mean time per level.
                   A        B        C        D        E       F      G
               +--------+--------+--------+--------+--------+-----+--------+
         Total |   6210 |   6070 |    140 |   1619 |   3730 |   5 | 1242.0 |
       Dungeon |   6210 |   6070 |    140 |   1619 |   3730 |   5 | 1242.0 |
               +--------+--------+--------+--------+--------+-----+--------+

Top non-repeatable levels by time:
     D:4: 1865 daAuts
     D:2: 1783 daAuts
     D:3: 1525 daAuts
     D:1: 1006 daAuts
     D:5: 29 daAuts
